[ AOE2 MATCH · #477131452 ]
UnrankedByzantines vs Mapuche
[ REPLAY ANALYSIS · EXTRACTED FROM THE RECORDED GAME ]
Feudal
13:00
Castle
16:39
Imperial
31:20
| APM avg | 19.2 |
| APM peak | 41 |
| eAPM avg | 15.0 |
| Villagers / military | 141 / 0 |
Focus
⚔️ 10.0% · 🌾 90.0%
Feudal
12:29
Castle
—
Imperial
—
| APM avg | 32.3 |
| APM peak | 77 |
| eAPM avg | 17.7 |
| Villagers / military | 63 / 11 |
Focus
⚔️ 21.1% · 🌾 78.9%
Archer ×8 · Spearman ×2 · Skirmisher ×1 · Unknown (2550) ×1
Feudal
14:48
Castle
25:44
Imperial
—
| APM avg | 38.7 |
| APM peak | 92 |
| eAPM avg | 13.5 |
| Villagers / military | 59 / 39 |
Focus
⚔️ 27.1% · 🌾 72.9%
Archer ×21 · Skirmisher ×10 · Militia ×8
Feudal
9:46
Castle
17:05
Imperial
30:09
| APM avg | 39.1 |
| APM peak | 71 |
| eAPM avg | 21.7 |
| Villagers / military | 93 / 36 |
Focus
⚔️ 33.3% · 🌾 66.7%
Archer ×36
Feudal
10:16
Castle
22:12
Imperial
—
| APM avg | 22.7 |
| APM peak | 38 |
| eAPM avg | 13.8 |
| Villagers / military | 77 / 3 |
Focus
⚔️ 15.0% · 🌾 85.0%
Unknown (2550) ×14 · Monk ×3
Feudal
10:43
Castle
16:24
Imperial
—
| APM avg | 31.3 |
| APM peak | 76 |
| eAPM avg | 15.2 |
| Villagers / military | 111 / 15 |
Focus
⚔️ 15.2% · 🌾 84.8%
Knight ×14 · Trade Cart ×9 · Monk ×1
Feudal
11:22
Castle
24:35
Imperial
—
| APM avg | 33.8 |
| APM peak | 55 |
| eAPM avg | 20.0 |
| Villagers / military | 71 / 41 |
Focus
⚔️ 33.6% · 🌾 66.4%
Eagle Scout ×34 · Militia ×3 · Spearman ×3 · Monk ×1
Feudal
11:52
Castle
15:58
Imperial
29:15
| APM avg | 30.6 |
| APM peak | 82 |
| eAPM avg | 20.5 |
| Villagers / military | 164 / 102 |
Focus
⚔️ 15.5% · 🌾 84.5%
Battle Elephant ×96 · Petard ×6
Match map
Initial resources + every placement click. Lines = walls · curves = elevation contours. ◆ gold · ⬟ stone · ● berries · ✦ relic · ◌ wall gap
Your base· ✓ Closed at 16:39 · 50t walls · fragile
Grumpy_Beto's base· Open — opponent sealed themselves in
Fs.JonyBravo's base· ✓ Closed at 25:44 · 28t walls · 2 gate(s)
B.'s base· ✓ Closed at 17:05 · 33t walls · fragile
Rabe3000's base· ✓ Closed at 22:12 · 1t walls · no gate
Kempinho's base· ✓ Closed at 16:24 · 4t walls · fragile
DoubleZX's base· ✓ Closed at 24:35 · 98t walls · 3 gate(s)
CROVERS's base· ✓ Closed at 15:58 · 0t walls · fragile
Smoothed initial terrain · ◌ = detected wall gap · hover for details
Inputs per minute
— Sammy - - Grumpy_Beto
Build order — Sammy
First 150 of 294 actions detected
| 0:03 | Create | Villager (Male) ×4 |
| 0:07 | Build | House |
| 0:11 | Build | House |
| 0:11 | Build | House |
| 1:36 | Create | Villager (Male) |
| 1:55 | Create | Villager (Male) |
| 2:00 | Build | Lumber Camp |
| 2:18 | Create | Villager (Male) |
| 2:50 | Create | Villager (Male) |
| 3:27 | Research | Loom |
| 3:27 | Research | Loom |
| 3:42 | Create | Villager (Male) |
| 4:07 | Create | Villager (Male) |
| 4:34 | Create | Villager (Male) |
| 4:34 | Create | Villager (Male) |
| 4:34 | Create | Villager (Male) |
| 4:41 | Build | Mill |
| 5:16 | Create | Villager (Male) |
| 5:16 | Create | Villager (Male) |
| 5:16 | Create | Villager (Male) |
| 6:28 | Build | Farm |
| 6:34 | Build | House |
| 6:40 | Create | Villager (Male) ×4 |
| 7:07 | Create | Villager (Male) |
| 7:43 | Create | Villager (Male) |
| 7:44 | Create | Villager (Male) |
| 8:09 | Create | Villager (Male) ×5 |
| 8:14 | Build | House |
| 9:51 | Build | Palisade Wall |
| 10:07 | Build | Mining Camp |
| 10:14 | Build | Farm |
| 10:29 | Research | Feudal Age |
| 10:38 | Build | Farm |
| 10:47 | Build | Farm |
| 11:05 | Create | Villager (Male) |
| 11:06 | Create | Villager (Male) |
| 11:47 | Build | Palisade Wall |
| 13:00 | Age | Feudal Age |
| 13:07 | Build | Market |
| 13:11 | Build | Blacksmith |
| 13:25 | Research | Double-Bit Axe |
| 13:28 | Research | Horse Collar |
| 13:28 | Research | Horse Collar |
| 13:46 | Build | House |
| 13:49 | Build | House |
| 13:59 | Research | Castle Age |
| 14:08 | Build | Farm |
| 14:10 | Build | Farm |
| 14:22 | Build | Stone Wall |
| 15:10 | Build | Farm |
| 15:17 | Build | Farm |
| 15:32 | Build | Stone Wall |
| 16:39 | Age | Castle Age |
| 16:42 | Build | Town Center |
| 16:43 | Create | Villager (Male) |
| 16:44 | Create | Villager (Male) |
| 16:52 | Build | Town Center |
| 17:05 | Build | Town Center |
| 17:21 | Build | Farm |
| 17:31 | Create | Villager (Male) |
| 17:49 | Create | Villager (Male) |
| 17:56 | Build | House |
| 18:00 | Create | Villager (Male) |
| 18:06 | Research | Bow Saw |
| 18:06 | Research | Bow Saw |
| 18:16 | Build | Farm |
| 18:18 | Create | Villager (Male) |
| 18:19 | Create | Villager (Male) |
| 18:21 | Create | Villager (Male) |
| 18:30 | Create | Villager (Male) |
| 18:40 | Create | Villager (Male) |
| 18:41 | Create | Villager (Male) |
| 18:43 | Create | Villager (Male) |
| 18:52 | Build | Farm |
| 19:00 | Build | Farm |
| 19:03 | Build | Farm |
| 19:05 | Build | Farm |
| 19:10 | Build | Farm |
| 19:14 | Build | House |
| 19:16 | Create | Villager (Male) |
| 19:17 | Create | Villager (Male) |
| 19:18 | Create | Villager (Male) |
| 19:19 | Create | Villager (Male) |
| 19:31 | Create | Villager (Male) |
| 19:32 | Create | Villager (Male) |
| 19:33 | Create | Villager (Male) |
| 19:34 | Create | Villager (Male) |
| 19:50 | Build | Farm |
| 19:51 | Build | Farm |
| 19:59 | Build | Farm |
| 20:00 | Build | Farm |
| 20:00 | Build | Farm |
| 20:03 | Create | Villager (Male) |
| 20:04 | Create | Villager (Male) |
| 20:04 | Create | Villager (Male) |
| 20:05 | Create | Villager (Male) |
| 20:09 | Build | House |
| 20:10 | Build | House |
| 20:11 | Build | House |
| 20:22 | Create | Villager (Male) |
| 20:23 | Create | Villager (Male) |
| 20:24 | Create | Villager (Male) |
| 20:29 | Create | Villager (Male) |
| 20:43 | Build | Farm |
| 20:46 | Build | Farm |
| 21:01 | Create | Villager (Male) |
| 21:02 | Create | Villager (Male) |
| 21:03 | Create | Villager (Male) |
| 21:05 | Research | Wheelbarrow |
| 21:12 | Build | Farm |
| 21:12 | Build | Farm |
| 21:13 | Build | Farm |
| 21:13 | Build | Farm |
| 21:13 | Build | Farm |
| 21:15 | Build | Farm |
| 21:31 | Build | Farm |
| 21:31 | Build | Farm |
| 21:32 | Build | Farm |
| 21:32 | Build | Farm |
| 21:32 | Build | Farm |
| 21:32 | Build | Farm |
| 21:33 | Build | Farm |
| 21:33 | Build | Farm |
| 21:33 | Build | Farm |
| 21:34 | Build | Farm |
| 21:34 | Build | Farm |
| 21:35 | Build | Farm |
| 21:35 | Build | Farm |
| 21:35 | Build | Farm |
| 21:35 | Build | Farm |
| 21:36 | Build | Farm |
| 21:38 | Create | Villager (Male) |
| 21:38 | Create | Villager (Male) |
| 21:38 | Create | Villager (Male) |
| 21:39 | Create | Villager (Male) |
| 21:49 | Create | Villager (Male) |
| 21:50 | Create | Villager (Male) |
| 21:58 | Build | House |
| 21:59 | Build | House |
| 22:00 | Build | House |
| 22:02 | Build | House |
| 22:06 | Create | Villager (Male) |
| 22:07 | Create | Villager (Male) |
| 22:08 | Create | Villager (Male) |
| 22:23 | Build | Farm |
| 22:24 | Build | Farm |
| 22:42 | Research | Hand Cart |
| 22:48 | Create | Villager (Male) |
| 22:51 | Create | Villager (Male) |
| 22:52 | Create | Villager (Male) |
Build order — Grumpy_Beto
131 actions detected in the replay
| 0:00 | Create | Villager (Male) |
| 0:00 | Create | Villager (Male) |
| 0:01 | Create | Villager (Male) |
| 0:02 | Build | House |
| 0:04 | Build | House |
| 0:22 | Create | Villager (Male) |
| 1:04 | Research | Loom |
| 1:04 | Create | Villager (Male) |
| 1:04 | Research | Loom |
| 1:35 | Create | Villager (Male) |
| 1:50 | Build | Palisade Wall |
| 2:54 | Create | Villager (Male) |
| 2:54 | Create | Villager (Male) |
| 3:24 | Create | Villager (Male) |
| 4:28 | Create | Villager (Male) |
| 4:33 | Create | Villager (Male) |
| 4:38 | Create | Villager (Male) |
| 4:59 | Build | Palisade Wall |
| 5:00 | Build | Palisade Wall |
| 5:14 | Create | Villager (Male) |
| 5:27 | Build | House |
| 5:41 | Build | Palisade Wall |
| 5:46 | Create | Villager (Male) |
| 5:46 | Create | Villager (Male) |
| 5:47 | Create | Villager (Male) |
| 5:47 | Create | Villager (Male) |
| 6:03 | Create | Villager (Male) |
| 6:03 | Create | Villager (Male) |
| 6:07 | Build | House |
| 6:25 | Build | House |
| 6:46 | Create | Villager (Male) |
| 6:46 | Create | Villager (Male) |
| 7:11 | Build | Settlement |
| 8:04 | Create | Villager (Male) |
| 8:05 | Create | Villager (Male) |
| 8:55 | Build | House |
| 8:58 | Create | Villager (Male) |
| 8:59 | Create | Villager (Male) |
| 9:13 | Build | Settlement |
| 9:34 | Build | Settlement |
| 9:39 | Create | Villager (Male) |
| 10:15 | Research | Feudal Age |
| 10:16 | Research | Feudal Age |
| 10:28 | Build | Settlement |
| 11:37 | Build | Barracks |
| 11:47 | Create | Villager (Male) |
| 12:17 | Build | House |
| 12:29 | Age | Feudal Age |
| 12:50 | Create | Spearman |
| 12:51 | Create | Spearman |
| 13:13 | Build | Archery Range |
| 14:13 | Create | Archer |
| 14:13 | Create | Archer |
| 14:49 | Create | Villager (Male) |
| 14:49 | Create | Villager (Male) |
| 14:49 | Create | Villager (Male) |
| 14:58 | Create | Villager (Male) |
| 15:32 | Create | Archer |
| 15:32 | Create | Archer |
| 15:32 | Create | Archer |
| 15:32 | Create | Archer |
| 16:08 | Build | Blacksmith |
| 16:23 | Create | Villager (Male) |
| 16:24 | Create | Villager (Male) |
| 17:13 | Create | Villager (Male) |
| 17:14 | Create | Villager (Male) |
| 17:14 | Create | Villager (Male) |
| 17:14 | Create | Villager (Male) |
| 17:36 | Create | Archer |
| 17:36 | Create | Archer |
| 17:42 | Research | Fletching |
| 18:00 | Create | Villager (Male) |
| 18:38 | Create | Skirmisher |
| 18:46 | Build | Farm |
| 18:46 | Build | Farm |
| 18:46 | Build | Farm |
| 18:46 | Build | Farm |
| 19:06 | Build | Farm |
| 19:54 | Create | Villager (Male) |
| 20:02 | Build | Farm |
| 20:30 | Create | Villager (Male) |
| 20:34 | Build | Farm |
| 21:20 | Create | Villager (Male) |
| 21:21 | Create | Villager (Male) |
| 21:23 | Build | Farm |
| 21:49 | Build | Farm |
| 22:31 | Create | Villager (Male) |
| 22:31 | Create | Villager (Male) |
| 22:31 | Create | Villager (Male) |
| 22:55 | Create | Villager (Male) |
| 22:56 | Create | Villager (Male) |
| 23:32 | Research | Double-Bit Axe |
| 23:49 | Create | Villager (Male) |
| 23:49 | Create | Villager (Male) |
| 24:20 | Create | Villager (Male) |
| 24:21 | Create | Villager (Male) |
| 24:47 | Create | Villager (Male) |
| 24:48 | Create | Villager (Male) |
| 25:01 | Research | Horse Collar |
| 25:39 | Create | Villager (Male) |
| 25:39 | Create | Villager (Male) |
| 25:46 | Build | Settlement |
| 26:47 | Build | Gate |
| 26:51 | Build | Stone Wall |
| 26:53 | Create | Villager (Male) |
| 26:54 | Create | Villager (Male) |
| 26:54 | Create | Villager (Male) |
| 26:57 | Research | Padded Archer Armor |
| 27:04 | Create | Unit 2550 |
| 27:51 | Create | Villager (Male) |
| 27:51 | Create | Villager (Male) |
| 28:12 | Build | Farm |
| 28:21 | Build | Farm |
| 28:21 | Build | Farm |
| 28:38 | Create | Villager (Male) |
| 28:41 | Build | Farm |
| 28:49 | Build | Farm |
| 29:01 | Build | Farm |
| 29:12 | Create | Villager (Male) |
| 29:34 | Build | Farm |
| 29:44 | Build | Market |
| 29:53 | Build | Farm |
| 29:57 | Create | Villager (Male) |
| 30:32 | Build | Farm |
| 30:47 | Research | Castle Age |
| 30:47 | Research | Castle Age |
| 30:59 | Build | Farm |
| 31:03 | Build | Farm |
| 31:12 | Build | House |
| 31:14 | Build | House |
| 31:19 | Build | House |
Build order — Fs.JonyBravo
First 150 of 168 actions detected
| 0:01 | Create | Villager (Male) |
| 0:02 | Create | Villager (Male) |
| 0:02 | Create | Villager (Male) |
| 0:03 | Build | House |
| 0:04 | Build | House |
| 0:44 | Create | Villager (Male) |
| 0:44 | Create | Villager (Male) |
| 0:54 | Build | Palisade Wall |
| 3:21 | Create | Villager (Male) |
| 3:21 | Create | Villager (Male) |
| 3:21 | Create | Villager (Male) |
| 3:21 | Create | Villager (Male) |
| 3:22 | Create | Villager (Male) |
| 3:49 | Research | Loom |
| 3:52 | Create | Villager (Male) |
| 3:53 | Create | Villager (Male) |
| 4:28 | Build | Palisade Wall |
| 4:30 | Build | Palisade Wall |
| 4:35 | Create | Villager (Male) |
| 4:52 | Build | House |
| 4:54 | Build | Palisade Wall |
| 5:05 | Build | Lumber Camp |
| 5:10 | Create | Villager (Male) |
| 5:29 | Build | Palisade Wall |
| 5:35 | Build | Palisade Gate |
| 5:37 | Create | Villager (Male) |
| 5:52 | Create | Villager (Male) |
| 6:10 | Create | Villager (Male) |
| 6:49 | Create | Villager (Male) |
| 7:21 | Build | Mill |
| 7:22 | Create | Villager (Male) |
| 7:22 | Create | Villager (Male) |
| 8:14 | Create | Villager (Male) |
| 8:15 | Create | Villager (Male) |
| 8:51 | Create | Villager (Male) |
| 8:55 | Build | Barracks |
| 9:07 | Build | House |
| 9:26 | Create | Villager (Male) |
| 10:09 | Create | Villager (Male) |
| 10:11 | Build | Mining Camp |
| 11:03 | Create | Villager (Male) |
| 11:21 | Build | House |
| 12:38 | Research | Feudal Age |
| 12:39 | Research | Feudal Age |
| 13:01 | Create | Militia |
| 13:01 | Create | Militia |
| 13:02 | Create | Militia |
| 13:02 | Create | Militia |
| 13:02 | Create | Militia |
| 13:23 | Build | Farm |
| 13:26 | Build | Farm |
| 13:34 | Build | Farm |
| 13:38 | Create | Militia |
| 13:55 | Build | House |
| 14:17 | Build | Farm |
| 14:33 | Create | Villager (Male) |
| 14:37 | Build | House |
| 14:48 | Age | Feudal Age |
| 14:52 | Research | Man-at-Arms (upgrade) |
| 14:53 | Create | Villager (Male) |
| 15:27 | Create | Villager (Male) |
| 15:33 | Build | Farm |
| 15:40 | Create | Villager (Male) |
| 15:42 | Build | Farm |
| 15:48 | Build | Blacksmith |
| 15:57 | Research | Double-Bit Axe |
| 16:22 | Create | Villager (Male) |
| 16:25 | Build | Farm |
| 16:51 | Create | Villager (Male) |
| 17:01 | Build | Farm |
| 17:04 | Build | Farm |
| 17:48 | Build | Archery Range |
| 17:57 | Create | Villager (Male) |
| 17:58 | Build | Farm |
| 18:03 | Build | Blacksmith |
| 18:18 | Create | Villager (Male) |
| 18:34 | Create | Skirmisher |
| 18:34 | Create | Skirmisher |
| 18:37 | Research | Fletching |
| 18:39 | Create | Villager (Male) |
| 18:44 | Build | House |
| 18:46 | Build | House |
| 19:05 | Research | Horse Collar |
| 19:07 | Create | Villager (Male) |
| 19:11 | Create | Skirmisher |
| 19:21 | Research | Padded Archer Armor |
| 19:23 | Create | Villager (Male) |
| 19:38 | Create | Skirmisher |
| 20:01 | Build | Archery Range |
| 20:57 | Create | Skirmisher |
| 20:58 | Create | Skirmisher |
| 21:13 | Create | Villager (Male) |
| 21:36 | Build | Stone Wall |
| 21:51 | Create | Skirmisher |
| 21:51 | Create | Skirmisher |
| 23:04 | Research | Castle Age |
| 23:05 | Research | Castle Age |
| 23:05 | Create | Archer |
| 23:05 | Create | Archer |
| 23:24 | Create | Militia |
| 23:25 | Create | Militia |
| 23:35 | Create | Skirmisher |
| 23:35 | Create | Skirmisher |
| 23:44 | Build | Gate |
| 24:22 | Research | Gold Mining |
| 24:22 | Research | Gold Mining |
| 24:29 | Build | House |
| 24:30 | Build | House |
| 24:31 | Build | House |
| 25:03 | Build | Farm |
| 25:04 | Build | Farm |
| 25:07 | Build | Archery Range |
| 25:28 | Create | Villager (Male) |
| 25:31 | Build | Farm |
| 25:33 | Create | Archer |
| 25:34 | Create | Archer |
| 25:44 | Age | Castle Age |
| 25:47 | Research | Crossbowman (upgrade) |
| 25:47 | Research | Crossbowman (upgrade) |
| 25:47 | Research | Crossbowman (upgrade) |
| 25:50 | Create | Villager (Male) |
| 25:52 | Build | Farm |
| 25:58 | Create | Archer |
| 25:58 | Create | Archer |
| 26:00 | Create | Villager (Male) |
| 26:04 | Build | Town Center |
| 26:15 | Create | Archer |
| 26:15 | Create | Archer |
| 26:15 | Create | Archer |
| 26:17 | Create | Villager (Male) |
| 26:17 | Create | Villager (Male) |
| 26:55 | Build | Mining Camp |
| 27:06 | Create | Villager (Male) |
| 27:07 | Create | Villager (Male) |
| 27:07 | Create | Villager (Male) |
| 27:08 | Create | Villager (Male) |
| 27:08 | Create | Villager (Male) |
| 27:22 | Create | Villager (Male) |
| 27:37 | Create | Villager (Male) |
| 27:39 | Create | Villager (Male) |
| 27:57 | Create | Archer |
| 27:57 | Create | Archer |
| 27:57 | Create | Archer |
| 27:58 | Create | Archer |
| 27:58 | Create | Archer |
| 27:59 | Create | Archer |
| 27:59 | Create | Archer |
| 28:08 | Create | Villager (Male) |
| 28:26 | Build | House |
| 28:27 | Build | House |
Build order — B.
First 150 of 240 actions detected
| 0:00 | Create | Villager (Male) |
| 0:01 | Create | Villager (Male) |
| 0:02 | Build | House |
| 0:03 | Build | House |
| 0:12 | Create | Villager (Male) |
| 0:13 | Create | Villager (Male) |
| 1:29 | Create | Villager (Male) |
| 1:58 | Build | Lumber Camp |
| 2:01 | Create | Villager (Male) |
| 2:17 | Create | Villager (Male) |
| 2:46 | Create | Villager (Male) |
| 3:03 | Build | House |
| 3:22 | Create | Villager (Male) |
| 3:37 | Create | Villager (Male) |
| 3:56 | Create | Villager (Male) |
| 4:15 | Create | Villager (Male) |
| 4:51 | Create | Villager (Male) |
| 5:00 | Build | Mill |
| 5:29 | Build | Palisade Wall |
| 5:31 | Create | Villager (Male) |
| 5:31 | Create | Villager (Male) |
| 5:31 | Create | Villager (Male) |
| 5:48 | Build | House |
| 5:50 | Build | Palisade Wall |
| 6:14 | Build | Palisade Wall |
| 6:15 | Create | Villager (Male) |
| 6:44 | Build | Palisade Wall |
| 6:45 | Build | Palisade Wall |
| 6:45 | Create | Villager (Male) |
| 7:31 | Research | Feudal Age |
| 8:23 | Build | Mining Camp |
| 9:00 | Research | Loom |
| 9:06 | Build | House |
| 9:18 | Build | Barracks |
| 9:46 | Age | Feudal Age |
| 10:01 | Build | Palisade Wall |
| 10:04 | Create | Villager (Male) |
| 10:05 | Research | Double-Bit Axe |
| 10:30 | Build | Stone Wall |
| 10:34 | Create | Villager (Male) |
| 10:50 | Create | Villager (Male) |
| 11:05 | Create | Villager (Male) |
| 11:10 | Build | Mining Camp |
| 11:20 | Build | Stone Wall |
| 11:41 | Build | Stone Wall |
| 11:44 | Create | Villager (Male) |
| 11:58 | Create | Villager (Male) |
| 12:01 | Build | Market |
| 12:04 | Build | Blacksmith |
| 12:42 | Create | Villager (Male) |
| 13:00 | Create | Villager (Male) |
| 13:25 | Create | Villager (Male) |
| 13:28 | Build | House |
| 13:32 | Research | Town Watch |
| 13:59 | Create | Villager (Male) |
| 14:25 | Research | Castle Age |
| 14:36 | Research | Horse Collar |
| 14:36 | Research | Horse Collar |
| 15:10 | Build | Archery Range |
| 15:12 | Build | House |
| 15:24 | Create | Villager (Male) |
| 15:35 | Build | Farm |
| 15:36 | Build | Farm |
| 15:52 | Create | Villager (Male) |
| 15:53 | Build | Farm |
| 15:55 | Build | Farm |
| 15:57 | Build | Farm |
| 16:06 | Build | House |
| 16:19 | Build | Farm |
| 16:22 | Create | Archer |
| 16:23 | Create | Archer |
| 16:29 | Build | Farm |
| 16:42 | Build | Farm |
| 16:50 | Research | Fletching |
| 17:05 | Age | Castle Age |
| 17:12 | Create | Villager (Male) |
| 17:32 | Build | Stone Wall |
| 17:47 | Create | Villager (Male) |
| 17:57 | Build | Town Center |
| 18:00 | Create | Villager (Male) |
| 18:04 | Build | Farm |
| 18:06 | Create | Archer |
| 18:15 | Research | Bow Saw |
| 18:15 | Research | Bow Saw |
| 18:28 | Build | Farm |
| 18:34 | Create | Villager (Male) |
| 18:41 | Create | Archer |
| 18:57 | Create | Villager (Male) |
| 19:12 | Research | Crossbowman (upgrade) |
| 19:14 | Create | Villager (Male) |
| 19:15 | Create | Villager (Male) |
| 19:39 | Build | Town Center |
| 20:24 | Create | Villager (Male) |
| 20:38 | Research | Padded Archer Armor |
| 20:43 | Create | Archer |
| 20:43 | Create | Archer |
| 20:52 | Build | Farm |
| 20:53 | Create | Villager (Male) |
| 20:54 | Create | Archer |
| 20:57 | Build | Palisade Wall |
| 20:58 | Build | House |
| 20:59 | Build | Palisade Wall |
| 21:02 | Create | Villager (Male) |
| 21:05 | Create | Archer |
| 21:07 | Create | Villager (Male) |
| 21:19 | Create | Villager (Male) |
| 21:21 | Create | Villager (Male) |
| 21:21 | Create | Villager (Male) |
| 21:23 | Build | Farm |
| 21:24 | Build | Farm |
| 21:25 | Build | Farm |
| 21:27 | Build | Farm |
| 21:28 | Create | Villager (Male) |
| 21:42 | Create | Villager (Male) |
| 21:50 | Create | Villager (Male) |
| 22:01 | Build | House |
| 22:07 | Research | Bodkin Arrow |
| 22:07 | Create | Villager (Male) |
| 22:07 | Create | Villager (Male) |
| 22:22 | Build | Farm |
| 22:22 | Build | Farm |
| 22:22 | Build | Farm |
| 22:31 | Create | Villager (Male) |
| 22:31 | Create | Villager (Male) |
| 22:36 | Create | Villager (Male) |
| 22:37 | Create | Archer |
| 22:37 | Create | Archer |
| 22:45 | Create | Villager (Male) |
| 22:49 | Create | Archer |
| 22:55 | Create | Villager (Male) |
| 23:01 | Build | Archery Range |
| 23:03 | Create | Villager (Male) |
| 23:20 | Create | Villager (Male) |
| 23:34 | Create | Villager (Male) |
| 23:35 | Create | Villager (Male) |
| 23:38 | Build | University |
| 23:43 | Build | House |
| 23:43 | Build | House |
| 23:44 | Create | Villager (Male) |
| 23:58 | Create | Villager (Male) |
| 24:02 | Build | Farm |
| 24:03 | Build | Farm |
| 24:03 | Build | Farm |
| 24:03 | Build | Farm |
| 24:03 | Build | Farm |
| 24:04 | Build | Farm |
| 24:04 | Build | Farm |
| 24:05 | Create | Villager (Male) |
| 24:09 | Create | Villager (Male) |
| 24:31 | Create | Archer |
Build order — Rabe3000
First 150 of 166 actions detected
| 0:01 | Create | Villager (Male) |
| 0:01 | Create | Villager (Male) |
| 0:03 | Build | House |
| 0:04 | Build | House |
| 0:33 | Create | Villager (Male) |
| 0:51 | Create | Villager (Male) |
| 1:27 | Create | Villager (Male) |
| 1:56 | Create | Villager (Male) |
| 3:01 | Create | Villager (Male) |
| 3:02 | Create | Villager (Male) |
| 3:05 | Create | Villager (Male) |
| 3:42 | Create | Villager (Male) |
| 3:42 | Create | Villager (Male) |
| 4:05 | Build | House |
| 4:18 | Build | Settlement |
| 4:30 | Create | Villager (Male) |
| 4:39 | Create | Villager (Male) |
| 4:51 | Create | Villager (Male) |
| 5:03 | Create | Villager (Male) |
| 5:19 | Create | Villager (Male) |
| 5:52 | Create | Villager (Male) |
| 6:12 | Create | Villager (Male) |
| 6:24 | Create | Villager (Male) |
| 6:57 | Create | Villager (Male) |
| 7:28 | Build | Settlement |
| 8:06 | Research | Feudal Age |
| 9:04 | Build | Barracks |
| 9:29 | Build | Settlement |
| 10:16 | Age | Feudal Age |
| 10:21 | Create | Unit 2550 ×3 |
| 10:32 | Build | House |
| 10:52 | Build | Blacksmith |
| 10:58 | Build | Farm |
| 11:00 | Build | Farm |
| 11:02 | Create | Villager (Male) |
| 11:06 | Create | Villager (Male) |
| 11:18 | Build | House |
| 11:45 | Create | Villager (Male) |
| 11:52 | Build | Farm |
| 11:55 | Create | Villager (Male) |
| 12:25 | Research | Tech 1402 |
| 12:34 | Create | Villager (Male) |
| 13:13 | Build | House |
| 13:36 | Create | Unit 2550 ×3 |
| 13:45 | Build | House |
| 14:06 | Create | Unit 2550 |
| 14:17 | Build | House |
| 15:00 | Create | Unit 2550 |
| 15:01 | Create | Villager (Male) |
| 15:07 | Build | Market |
| 15:31 | Create | Villager (Male) |
| 15:38 | Create | Villager (Male) |
| 15:41 | Research | Scale Mail Armor |
| 15:57 | Build | House |
| 16:12 | Create | Unit 2550 ×5 |
| 16:17 | Create | Villager (Male) |
| 16:52 | Create | Unit 2550 |
| 16:56 | Build | House |
| 17:15 | Create | Villager (Male) |
| 17:22 | Build | Farm |
| 17:23 | Build | Farm |
| 17:30 | Create | Villager (Male) |
| 17:51 | Create | Villager (Male) |
| 17:55 | Research | Forging |
| 18:06 | Create | Villager (Male) |
| 18:24 | Build | House |
| 18:37 | Build | Palisade Wall |
| 18:47 | Build | Farm |
| 19:09 | Build | Farm |
| 19:12 | Build | Farm |
| 19:13 | Build | Farm |
| 19:32 | Research | Castle Age |
| 19:53 | Build | House |
| 20:00 | Create | Villager (Male) |
| 20:17 | Research | Double-Bit Axe |
| 21:07 | Create | Villager (Male) |
| 21:36 | Build | Archery Range |
| 21:39 | Create | Villager (Male) |
| 21:45 | Build | Farm |
| 22:12 | Age | Castle Age |
| 22:15 | Create | Villager (Male) |
| 22:37 | Build | Town Center |
| 22:47 | Build | House |
| 23:26 | Build | House |
| 23:27 | Create | Villager (Male) |
| 23:42 | Create | Villager (Male) |
| 23:43 | Create | Villager (Male) |
| 23:45 | Create | Villager (Male) |
| 23:53 | Build | Town Center |
| 24:00 | Build | Farm |
| 24:01 | Build | Farm |
| 24:14 | Create | Villager (Male) |
| 24:15 | Create | Villager (Male) |
| 24:16 | Create | Villager (Male) |
| 24:25 | Create | Villager (Male) |
| 24:26 | Create | Villager (Male) |
| 24:29 | Build | House |
| 25:02 | Create | Villager (Male) |
| 25:02 | Create | Villager (Male) |
| 25:03 | Create | Villager (Male) |
| 25:08 | Build | Monastery |
| 25:15 | Build | House |
| 25:16 | Create | Villager (Male) |
| 25:24 | Build | Farm |
| 25:25 | Build | Farm |
| 25:39 | Build | Farm |
| 25:58 | Create | Monk |
| 25:59 | Create | Monk |
| 26:02 | Create | Villager (Male) |
| 26:05 | Build | Farm |
| 26:08 | Build | Farm |
| 26:35 | Build | Outpost |
| 26:36 | Create | Villager (Male) |
| 26:37 | Create | Villager (Male) |
| 26:37 | Create | Villager (Male) |
| 26:41 | Build | Farm |
| 26:43 | Build | Farm |
| 26:45 | Create | Villager (Male) |
| 26:46 | Create | Villager (Male) |
| 26:53 | Build | Farm |
| 26:54 | Build | Farm |
| 26:55 | Build | Farm |
| 27:04 | Create | Villager (Male) |
| 27:16 | Build | Farm |
| 27:17 | Build | Farm |
| 27:19 | Build | Farm |
| 27:21 | Build | Farm |
| 27:23 | Create | Villager (Male) |
| 27:24 | Create | Villager (Male) |
| 27:28 | Build | Farm |
| 27:43 | Build | Siege Workshop |
| 27:45 | Create | Villager (Male) |
| 27:53 | Create | Villager (Male) |
| 27:53 | Create | Villager (Male) |
| 28:06 | Build | Farm |
| 28:07 | Build | Farm |
| 28:09 | Build | Farm |
| 28:10 | Build | Farm |
| 28:21 | Create | Villager (Male) |
| 28:21 | Create | Villager (Male) |
| 28:24 | Build | Farm |
| 28:27 | Build | Farm |
| 28:32 | Build | House |
| 28:34 | Create | Villager (Male) |
| 28:35 | Create | Villager (Male) |
| 28:35 | Create | Villager (Male) |
| 28:38 | Build | Farm |
| 28:40 | Build | Farm |
| 28:49 | Create | Villager (Male) |
| 28:49 | Create | Villager (Male) |
Build order — Kempinho
First 150 of 246 actions detected
| 0:01 | Create | Villager (Male) |
| 0:01 | Create | Villager (Male) |
| 0:03 | Build | House |
| 0:04 | Build | House |
| 0:19 | Create | Villager (Male) |
| 0:19 | Create | Villager (Male) |
| 1:24 | Create | Villager (Male) |
| 1:47 | Build | Lumber Camp |
| 2:10 | Create | Villager (Male) |
| 2:30 | Create | Villager (Male) |
| 2:30 | Create | Villager (Male) |
| 2:50 | Create | Villager (Male) |
| 3:05 | Create | Villager (Male) |
| 3:06 | Create | Villager (Male) |
| 3:34 | Build | House |
| 3:40 | Create | Villager (Male) |
| 3:41 | Create | Villager (Male) |
| 3:50 | Create | Villager (Male) |
| 3:50 | Create | Villager (Male) |
| 4:19 | Build | Mill |
| 4:35 | Create | Villager (Male) |
| 4:46 | Build | House |
| 4:49 | Build | Palisade Wall |
| 4:59 | Create | Villager (Male) |
| 5:31 | Create | Villager (Male) |
| 5:32 | Create | Villager (Male) |
| 5:44 | Create | Villager (Male) |
| 6:22 | Create | Villager (Male) |
| 7:15 | Create | Villager (Male) |
| 7:25 | Create | Villager (Male) |
| 7:25 | Create | Villager (Male) |
| 8:11 | Build | Lumber Camp |
| 8:15 | Build | Mining Camp |
| 8:33 | Research | Feudal Age |
| 8:34 | Research | Feudal Age |
| 9:54 | Create | Villager (Male) |
| 9:54 | Create | Villager (Male) |
| 10:06 | Build | Farm |
| 10:08 | Build | Farm |
| 10:12 | Build | Farm |
| 10:20 | Build | House |
| 10:43 | Age | Feudal Age |
| 10:47 | Build | Market |
| 10:49 | Build | Blacksmith |
| 11:04 | Research | Horse Collar |
| 11:28 | Create | Villager (Male) |
| 11:43 | Build | Farm |
| 11:53 | Build | Farm |
| 11:59 | Create | Villager (Male) |
| 12:01 | Build | Farm |
| 12:21 | Create | Villager (Male) |
| 12:25 | Build | Mill |
| 12:53 | Research | Loom |
| 13:37 | Create | Villager (Male) |
| 13:44 | Research | Castle Age |
| 13:45 | Research | Castle Age |
| 13:55 | Build | Barracks |
| 14:29 | Build | House |
| 14:53 | Build | Stable |
| 15:00 | Research | Double-Bit Axe |
| 15:00 | Research | Double-Bit Axe |
| 15:42 | Research | Gold Mining |
| 15:42 | Research | Gold Mining |
| 15:52 | Research | Bloodlines |
| 15:54 | Research | Scale Barding Armor |
| 15:54 | Research | Scale Barding Armor |
| 16:24 | Age | Castle Age |
| 16:25 | Create | Knight |
| 16:29 | Create | Villager (Male) |
| 16:34 | Build | Farm |
| 16:35 | Create | Villager (Male) |
| 16:41 | Build | Town Center |
| 16:50 | Create | Knight |
| 17:05 | Create | Villager (Male) |
| 17:17 | Research | Bow Saw |
| 17:19 | Create | Villager (Male) |
| 17:42 | Create | Knight |
| 18:08 | Create | Villager (Male) |
| 18:12 | Create | Villager (Male) |
| 18:14 | Build | House |
| 18:15 | Build | House |
| 18:19 | Research | Wheelbarrow |
| 18:23 | Create | Villager (Male) |
| 18:41 | Create | Knight |
| 18:50 | Build | Farm |
| 18:51 | Build | Farm |
| 18:55 | Build | Farm |
| 18:57 | Build | Monastery |
| 18:59 | Create | Villager (Male) |
| 19:19 | Build | House |
| 19:29 | Create | Knight |
| 19:34 | Build | Farm |
| 19:36 | Build | Farm |
| 19:38 | Build | Farm |
| 19:39 | Create | Villager (Male) |
| 19:39 | Create | Villager (Male) |
| 19:41 | Create | Villager (Male) |
| 19:42 | Create | Villager (Male) |
| 19:43 | Create | Villager (Male) |
| 19:43 | Create | Villager (Male) |
| 20:02 | Create | Villager (Male) |
| 20:02 | Create | Villager (Male) |
| 20:11 | Build | Farm |
| 20:12 | Build | Farm |
| 20:13 | Build | Farm |
| 20:14 | Build | Farm |
| 20:17 | Create | Monk |
| 20:20 | Build | Farm |
| 20:21 | Create | Villager (Male) |
| 20:28 | Create | Villager (Male) |
| 20:31 | Build | House |
| 20:31 | Build | House |
| 20:32 | Create | Villager (Male) |
| 20:33 | Create | Villager (Male) |
| 20:37 | Create | Villager (Male) |
| 21:03 | Create | Villager (Male) |
| 21:04 | Create | Villager (Male) |
| 21:17 | Create | Knight |
| 21:18 | Create | Villager (Male) |
| 21:18 | Create | Villager (Male) |
| 21:31 | Create | Villager (Male) |
| 21:31 | Create | Villager (Male) |
| 21:34 | Build | Farm |
| 21:40 | Build | Town Center |
| 21:43 | Create | Knight |
| 21:48 | Build | House |
| 21:49 | Build | House |
| 21:50 | Build | House |
| 21:53 | Create | Villager (Male) |
| 22:12 | Build | Farm |
| 22:13 | Create | Villager (Male) |
| 22:14 | Create | Villager (Male) |
| 22:16 | Build | Farm |
| 22:34 | Build | Farm |
| 22:41 | Create | Villager (Male) |
| 22:42 | Create | Villager (Male) |
| 22:54 | Research | Heavy Plow |
| 23:07 | Create | Villager (Male) |
| 23:07 | Create | Villager (Male) |
| 23:21 | Build | Town Center |
| 23:26 | Create | Villager (Male) |
| 23:29 | Build | Farm |
| 23:41 | Create | Villager (Male) |
| 23:57 | Build | Market |
| 23:58 | Create | Villager (Male) |
| 23:58 | Create | Villager (Male) |
| 24:11 | Create | Villager (Male) |
| 24:13 | Create | Villager (Male) |
| 24:31 | Research | Hand Cart |
| 24:32 | Create | Villager (Male) |
Build order — DoubleZX
First 150 of 246 actions detected
| 0:01 | Research | Loom |
| 0:03 | Build | House |
| 0:09 | Create | Villager (Male) |
| 0:10 | Create | Villager (Male) |
| 0:10 | Create | Villager (Male) |
| 0:10 | Create | Villager (Male) |
| 1:15 | Create | Villager (Male) |
| 2:02 | Create | Villager (Male) |
| 2:37 | Build | House |
| 2:43 | Build | House |
| 2:50 | Create | Villager (Male) |
| 3:24 | Build | Palisade Wall |
| 3:26 | Build | Palisade Wall |
| 3:28 | Create | Villager (Male) |
| 3:32 | Build | House |
| 3:54 | Create | Villager (Male) |
| 4:23 | Create | Villager (Male) |
| 4:24 | Create | Villager (Male) |
| 4:24 | Create | Villager (Male) |
| 4:44 | Create | Villager (Male) |
| 5:21 | Build | Palisade Wall |
| 5:26 | Create | Villager (Male) |
| 5:34 | Build | Palisade Wall |
| 5:44 | Build | House |
| 5:48 | Build | House |
| 5:52 | Create | Villager (Male) |
| 5:53 | Create | Villager (Male) |
| 6:00 | Build | House |
| 6:33 | Create | Villager (Male) |
| 6:58 | Build | Lumber Camp |
| 7:22 | Create | Villager (Male) |
| 7:30 | Build | House |
| 7:35 | Build | House |
| 7:57 | Build | Palisade Wall |
| 7:59 | Build | Palisade Wall |
| 8:00 | Build | Palisade Wall |
| 8:05 | Create | Villager (Male) |
| 8:30 | Build | Mill |
| 8:41 | Create | Villager (Male) |
| 9:02 | Research | Feudal Age |
| 9:50 | Build | Barracks |
| 10:12 | Build | House |
| 10:35 | Build | Mining Camp |
| 10:41 | Create | Militia |
| 10:41 | Create | Militia |
| 10:42 | Create | Militia |
| 10:55 | Build | Outpost |
| 10:58 | Create | Villager (Male) |
| 10:59 | Create | Villager (Male) |
| 11:22 | Age | Feudal Age |
| 11:29 | Build | House |
| 11:36 | Research | Double-Bit Axe |
| 11:36 | Research | Double-Bit Axe |
| 12:01 | Create | Villager (Male) |
| 12:14 | Research | Man-at-Arms (upgrade) |
| 12:18 | Create | Villager (Male) |
| 12:27 | Build | Watch Tower |
| 12:54 | Create | Villager (Male) |
| 13:04 | Build | House |
| 13:11 | Create | Villager (Male) |
| 13:32 | Create | Villager (Male) |
| 13:46 | Build | Gate |
| 13:48 | Build | Stone Wall |
| 14:01 | Build | Mining Camp |
| 14:15 | Research | Wheelbarrow |
| 14:34 | Create | Villager (Male) |
| 14:35 | Create | Villager (Male) |
| 14:44 | Build | Archery Range |
| 15:04 | Create | Eagle Scout |
| 15:04 | Create | Eagle Scout |
| 15:05 | Create | Eagle Scout |
| 15:07 | Build | House |
| 15:11 | Build | Stone Wall |
| 15:12 | Build | Stone Wall |
| 15:32 | Build | Blacksmith |
| 15:45 | Build | Barracks |
| 15:53 | Create | Villager (Male) |
| 15:55 | Research | Horse Collar |
| 16:24 | Research | Scale Mail Armor |
| 16:37 | Build | Farm |
| 16:38 | Build | Farm |
| 16:39 | Build | Farm |
| 16:40 | Build | Farm |
| 16:41 | Build | Farm |
| 16:42 | Build | Farm |
| 16:45 | Build | Farm |
| 16:46 | Build | Farm |
| 16:54 | Build | Watch Tower |
| 17:14 | Create | Eagle Scout |
| 17:14 | Create | Eagle Scout |
| 17:35 | Create | Eagle Scout |
| 17:35 | Create | Eagle Scout |
| 17:44 | Create | Villager (Male) |
| 17:59 | Build | Stone Wall |
| 18:04 | Create | Villager (Male) |
| 18:15 | Build | Stone Wall |
| 18:18 | Build | Stone Wall |
| 18:20 | Build | Stone Wall |
| 18:26 | Build | Gate |
| 18:29 | Build | House |
| 18:29 | Create | Villager (Male) |
| 18:30 | Create | Villager (Male) |
| 18:30 | Create | Villager (Male) |
| 18:30 | Create | Villager (Male) |
| 18:33 | Build | Farm |
| 18:34 | Build | Farm |
| 18:35 | Build | Farm |
| 18:39 | Build | Stone Wall |
| 18:40 | Build | Stone Wall |
| 18:40 | Build | Stone Wall |
| 18:44 | Build | Stone Wall |
| 18:48 | Create | Spearman |
| 18:55 | Build | Farm |
| 19:05 | Build | Stone Wall |
| 19:28 | Build | Stone Wall |
| 19:31 | Build | Stone Wall |
| 19:35 | Build | Stone Wall |
| 19:37 | Build | Stone Wall |
| 19:41 | Build | Market |
| 20:03 | Create | Villager (Male) |
| 20:07 | Build | Stone Wall |
| 20:37 | Build | Gate |
| 20:42 | Build | Stone Wall |
| 21:05 | Create | Villager (Male) |
| 21:06 | Create | Villager (Male) |
| 21:07 | Build | Market |
| 21:11 | Build | Farm |
| 21:13 | Build | Lumber Camp |
| 21:20 | Build | Stone Wall |
| 21:28 | Build | House |
| 21:41 | Research | Castle Age |
| 22:01 | Create | Villager (Male) |
| 22:04 | Build | Stone Wall |
| 22:11 | Build | Outpost |
| 22:18 | Create | Eagle Scout ×2 |
| 22:18 | Create | Eagle Scout ×2 |
| 22:21 | Create | Villager (Male) |
| 22:34 | Research | Forging |
| 22:40 | Build | Stone Wall |
| 22:48 | Build | Farm |
| 23:13 | Research | Gold Mining |
| 23:15 | Research | Stone Mining |
| 24:07 | Create | Eagle Scout |
| 24:07 | Create | Eagle Scout |
| 24:10 | Create | Eagle Scout |
| 24:11 | Create | Eagle Scout |
| 24:35 | Age | Castle Age |
| 24:38 | Build | Town Center |
| 24:42 | Build | Town Center |
| 24:44 | Research | Heavy Plow |
Build order — CROVERS
First 150 of 376 actions detected
| 0:01 | Create | Villager (Male) |
| 0:01 | Create | Villager (Male) |
| 0:03 | Build | House |
| 0:04 | Build | House |
| 0:13 | Create | Villager (Male) |
| 0:13 | Create | Villager (Male) |
| 1:16 | Create | Villager (Male) |
| 1:54 | Create | Villager (Male) |
| 1:54 | Create | Villager (Male) |
| 2:26 | Create | Villager (Male) |
| 2:26 | Create | Villager (Male) |
| 2:30 | Build | Lumber Camp |
| 2:42 | Create | Villager (Male) |
| 2:42 | Create | Villager (Male) |
| 3:09 | Create | Villager (Male) |
| 3:09 | Create | Villager (Male) |
| 3:09 | Create | Villager (Male) |
| 3:35 | Build | House |
| 3:37 | Build | House |
| 3:46 | Create | Villager (Male) |
| 3:46 | Create | Villager (Male) |
| 4:16 | Create | Villager (Male) |
| 4:16 | Create | Villager (Male) |
| 4:25 | Create | Villager (Male) |
| 4:25 | Create | Villager (Male) |
| 4:40 | Create | Villager (Male) |
| 4:40 | Create | Villager (Male) |
| 4:41 | Create | Villager (Male) |
| 5:29 | Create | Villager (Male) |
| 5:29 | Create | Villager (Male) |
| 5:40 | Build | Mill |
| 5:42 | Create | Villager (Male) |
| 5:43 | Create | Villager (Male) |
| 5:55 | Create | Villager (Male) |
| 5:55 | Create | Villager (Male) |
| 5:55 | Create | Villager (Male) |
| 6:22 | Create | Villager (Male) |
| 6:22 | Create | Villager (Male) |
| 6:37 | Create | Villager (Male) |
| 7:17 | Build | Mining Camp |
| 7:20 | Create | Villager (Male) |
| 7:32 | Build | House |
| 8:09 | Create | Villager (Male) |
| 8:49 | Build | Farm |
| 8:50 | Create | Villager (Male) |
| 8:54 | Build | Farm |
| 8:56 | Build | Farm |
| 9:19 | Create | Villager (Male) |
| 9:23 | Build | Farm |
| 9:28 | Build | Farm |
| 9:39 | Create | Villager (Male) |
| 9:53 | Research | Loom |
| 10:29 | Research | Feudal Age |
| 10:30 | Research | Feudal Age |
| 10:30 | Research | Feudal Age |
| 11:08 | Build | Farm |
| 11:09 | Build | Farm |
| 11:19 | Build | House |
| 11:21 | Build | House |
| 11:41 | Create | Villager (Male) |
| 11:44 | Create | Villager (Male) |
| 11:52 | Age | Feudal Age |
| 11:59 | Build | Market |
| 12:03 | Build | Blacksmith |
| 12:14 | Create | Villager (Male) |
| 12:43 | Build | Farm |
| 13:05 | Create | Villager (Male) |
| 13:19 | Create | Villager (Male) |
| 13:41 | Build | Farm |
| 13:53 | Create | Villager (Male) |
| 14:14 | Research | Castle Age |
| 14:14 | Research | Castle Age |
| 14:26 | Research | Double-Bit Axe |
| 14:26 | Research | Double-Bit Axe |
| 14:27 | Research | Double-Bit Axe |
| 15:55 | Create | Villager (Male) |
| 15:55 | Create | Villager (Male) |
| 15:58 | Age | Castle Age |
| 16:02 | Build | Town Center |
| 16:10 | Build | Town Center |
| 16:14 | Create | Villager (Male) |
| 16:51 | Build | Farm |
| 17:18 | Build | Farm |
| 17:21 | Create | Villager (Male) |
| 17:25 | Build | Farm |
| 17:27 | Build | Farm |
| 17:28 | Create | Villager (Male) |
| 17:33 | Create | Villager (Male) |
| 17:33 | Create | Villager (Male) |
| 17:34 | Create | Villager (Male) |
| 17:38 | Create | Villager (Male) |
| 17:50 | Build | Town Center |
| 17:52 | Create | Villager (Male) |
| 17:52 | Create | Villager (Male) |
| 17:58 | Build | Farm |
| 17:58 | Build | Farm |
| 18:03 | Create | Villager (Male) |
| 18:04 | Create | Villager (Male) |
| 18:09 | Create | Villager (Male) |
| 18:19 | Build | Farm |
| 18:26 | Build | Farm |
| 18:27 | Create | Villager (Male) |
| 18:30 | Build | Farm |
| 18:35 | Research | Horse Collar |
| 18:48 | Create | Villager (Male) |
| 18:50 | Build | Farm |
| 18:59 | Build | Farm |
| 19:05 | Create | Villager (Male) |
| 19:10 | Build | House |
| 19:11 | Build | House |
| 19:12 | Build | House |
| 19:14 | Build | House |
| 19:15 | Build | House |
| 19:18 | Create | Villager (Male) |
| 19:19 | Create | Villager (Male) |
| 19:26 | Research | Wheelbarrow |
| 19:28 | Create | Villager (Male) |
| 19:28 | Create | Villager (Male) |
| 19:31 | Create | Villager (Male) |
| 19:31 | Create | Villager (Male) |
| 19:33 | Build | Farm |
| 19:37 | Create | Villager (Male) |
| 19:46 | Build | Farm |
| 19:50 | Build | Farm |
| 19:52 | Create | Villager (Male) |
| 19:52 | Create | Villager (Male) |
| 19:57 | Build | Farm |
| 20:03 | Build | Farm |
| 20:05 | Create | Villager (Male) |
| 20:05 | Create | Villager (Male) |
| 20:09 | Create | Villager (Male) |
| 20:09 | Create | Villager (Male) |
| 20:16 | Create | Villager (Male) |
| 20:16 | Create | Villager (Male) |
| 20:29 | Build | Farm |
| 20:29 | Build | Farm |
| 20:29 | Build | Farm |
| 20:30 | Build | Farm |
| 20:30 | Build | Farm |
| 20:33 | Create | Villager (Male) |
| 20:33 | Create | Villager (Male) |
| 20:36 | Create | Villager (Male) |
| 20:36 | Create | Villager (Male) |
| 20:37 | Create | Villager (Male) |
| 20:38 | Create | Villager (Male) |
| 20:38 | Create | Villager (Male) |
| 20:45 | Build | Farm |
| 20:47 | Build | Farm |
| 20:49 | Build | Farm |
| 20:51 | Create | Villager (Male) |
Match timeline
| 0:54 | Fs.JonyBravo · wall_segment Palisade Wall x12 |
| 1:50 | Grumpy_Beto · wall_segment Palisade Wall x11 |
| 3:24 | DoubleZX · wall_segment Palisade Wall x3 |
| 3:26 | DoubleZX · wall_segment Palisade Wall x4 |
| 4:28 | Fs.JonyBravo · wall_segment Palisade Wall x1 |
| 4:30 | Fs.JonyBravo · wall_segment Palisade Wall x1 |
| 4:49 | Kempinho · wall_segment Palisade Wall x4 |
| 4:54 | Fs.JonyBravo · wall_segment Palisade Wall x2 |
| 4:59 | Grumpy_Beto · wall_segment Palisade Wall x6 |
| 5:00 | Grumpy_Beto · wall_segment Palisade Wall x7 |
| 5:21 | DoubleZX · wall_segment Palisade Wall x1 |
| 5:29 | Fs.JonyBravo · wall_segment Palisade Wall x4 |
| 5:29 | B. · wall_segment Palisade Wall x7 |
| 5:34 | DoubleZX · wall_segment Palisade Wall x4 |
| 5:41 | Grumpy_Beto · wall_segment Palisade Wall x1 |
| 5:50 | B. · wall_segment Palisade Wall x6 |
| 6:14 | B. · wall_segment Palisade Wall x1 |
| 6:44 | B. · wall_segment Palisade Wall x1 |
| 6:45 | B. · wall_segment Palisade Wall x1 |
| 7:57 | DoubleZX · wall_segment Palisade Wall x1 |
| 7:59 | DoubleZX · wall_segment Palisade Wall x2 |
| 8:00 | DoubleZX · wall_segment Palisade Wall x2 |
| 8:55 | Fs.JonyBravo · first_building Barracks |
| 9:04 | Rabe3000 · first_building Barracks |
| 9:18 | B. · first_building Barracks |
| 9:46 | B. · age_up feudal |
| 9:50 | DoubleZX · first_building Barracks |
| 9:51 | Sammy · wall_segment Palisade Wall x20 |
| 10:01 | B. · wall_segment Palisade Wall x1 |
| 10:16 | Rabe3000 · age_up feudal |
| 10:30 | B. · wall_segment Stone Wall x8 |
| 10:43 | Kempinho · age_up feudal |
| 11:20 | B. · wall_segment Stone Wall x8 |
| 11:22 | DoubleZX · age_up feudal |
| 11:37 | Grumpy_Beto · first_building Barracks |
| 11:41 | B. · wall_segment Stone Wall x3 |
| 11:47 | Sammy · wall_segment Palisade Wall x16 |
| 11:52 | CROVERS · age_up feudal |
| 12:29 | Grumpy_Beto · age_up feudal |
| 13:00 | Sammy · age_up feudal |
| 13:13 | Grumpy_Beto · first_building Archery Range |
| 13:41 | Kempinho · first_market_sell 100 wood |
| 13:42 | Kempinho · first_market_buy 100 food |
| 13:48 | DoubleZX · wall_segment Stone Wall x12 |
| 13:55 | Kempinho · first_building Barracks |
| 14:01 | CROVERS · first_market_buy 100 food |
| 14:03 | B. · first_market_sell 500 wood |
| 14:06 | B. · first_market_buy 100 food |
| 14:06 | CROVERS · first_market_sell 100 wood |
| 14:22 | Sammy · wall_segment Stone Wall x12 |
| 14:44 | DoubleZX · first_building Archery Range |
| 14:48 | Fs.JonyBravo · age_up feudal |
| 14:53 | Kempinho · first_building Stable |
| 15:10 | B. · first_building Archery Range |
| 15:11 | DoubleZX · wall_segment Stone Wall x1 |
| 15:12 | DoubleZX · wall_segment Stone Wall x1 |
| 15:32 | Sammy · wall_segment Stone Wall x14 |
| 15:58 | CROVERS · age_up castle |
| 16:24 | Kempinho · age_up castle |
| 16:29 | Sammy · first_market_buy 100 stone |
| 16:39 | Sammy · age_up castle |
| 17:05 | B. · age_up castle |
| 17:18 | Rabe3000 · first_market_buy 500 food |
| 17:32 | B. · wall_segment Stone Wall x1 |
| 17:48 | Fs.JonyBravo · first_building Archery Range |
| 17:59 | DoubleZX · wall_segment Stone Wall x10 |
| 18:15 | DoubleZX · wall_segment Stone Wall x1 |
| 18:18 | DoubleZX · wall_segment Stone Wall x1 |
| 18:20 | DoubleZX · wall_segment Stone Wall x1 |
| 18:37 | Rabe3000 · wall_segment Palisade Wall x1 |
| 18:39 | DoubleZX · wall_segment Stone Wall x1 |
| 18:40 | DoubleZX · wall_segment Stone Wall x1 |
| 18:40 | DoubleZX · wall_segment Stone Wall x1 |
| 18:44 | DoubleZX · wall_segment Stone Wall x1 |
| 18:57 | Kempinho · first_building Monastery |
| 19:05 | DoubleZX · wall_segment Stone Wall x7 |
| 19:28 | DoubleZX · wall_segment Stone Wall x1 |
| 19:31 | DoubleZX · wall_segment Stone Wall x2 |
| 19:35 | DoubleZX · wall_segment Stone Wall x2 |
| 19:37 | DoubleZX · wall_segment Stone Wall x3 |
| 20:07 | DoubleZX · wall_segment Stone Wall x5 |
| 20:42 | DoubleZX · wall_segment Stone Wall x3 |
| 20:57 | B. · wall_segment Palisade Wall x1 |
| 20:59 | B. · wall_segment Palisade Wall x1 |
| 21:20 | DoubleZX · wall_segment Stone Wall x7 |
| 21:36 | Fs.JonyBravo · wall_segment Stone Wall x9 |
| 21:36 | Rabe3000 · first_building Archery Range |
| 21:39 | DoubleZX · first_market_buy 100 food |
| 22:04 | DoubleZX · wall_segment Stone Wall x13 |
| 22:12 | Rabe3000 · age_up castle |
| 22:40 | DoubleZX · wall_segment Stone Wall x12 |
| 24:35 | DoubleZX · age_up castle |
| 25:08 | Rabe3000 · first_building Monastery |
| 25:17 | B. · wall_segment Stone Wall x1 |
| 25:19 | CROVERS · first_building Castle |
| 25:44 | Fs.JonyBravo · age_up castle |
| 26:13 | B. · first_building Monastery |
| 26:14 | CROVERS · first_building Barracks |
| 26:29 | Sammy · first_building Castle |
| 26:45 | DoubleZX · wall_segment Stone Wall x1 |
| 26:50 | DoubleZX · wall_segment Stone Wall x1 |
| 26:51 | Grumpy_Beto · wall_segment Stone Wall x10 |
| 26:55 | CROVERS · first_building Stable |
| 27:43 | Rabe3000 · first_building Siege Workshop |
| 27:54 | DoubleZX · wall_segment Stone Wall x7 |
| 27:55 | DoubleZX · wall_segment Stone Wall x10 |
| 28:35 | B. · first_building Castle |
| 28:40 | DoubleZX · wall_segment Stone Wall x1 |
| 28:47 | DoubleZX · first_building Monastery |
| 29:09 | B. · first_building Siege Workshop |
| 29:11 | Kempinho · wall_segment Palisade Wall x1 |
| 29:15 | CROVERS · age_up imperial |
| 29:22 | DoubleZX · wall_segment Stone Wall x3 |
| 29:30 | Sammy · first_building Barracks |
| 29:32 | DoubleZX · wall_segment Stone Wall x1 |
| 30:09 | B. · age_up imperial |
| 30:22 | DoubleZX · first_building Siege Workshop |
| 31:20 | Sammy · age_up imperial |
| 31:25 | Fs.JonyBravo · resign |
[ AI ANALYSIS · 1 CREDIT ]
What really happened in this match?
Wolo.gg analyzes every decision: build order, eco, micro, common mistakes by bracket. Personalized analysis on WhatsApp or Discord in 30 seconds.
Civ guide
Byzantines
Perfil
Jugador #2055085